 Dungeon Crawl Stone Soup version 0.20-a0-522-g0b37eee (webtiles) character file.

405 nubinia the Firebug (level 6, 13/44 HPs)
             Began as a Demonspawn Fire Elementalist on Jan 25, 2017.
             Was a Priest of Jiyva.
             Quit the game on level 6 of the Dungeon.
             The game lasted 00:21:39 (4723 turns).

nubinia the Firebug (Demonspawn Fire Elementalist)  Turns: 4723, Time: 00:21:40

Health: 13/44      AC:  3    Str:  9      XL:     6   Next: 56%
Magic:  2/10       EV: 13    Int: 18      God:    Jiyva [***...]
Gold:   152        SH:  0    Dex: 12 (13) Spells: 5/11 levels left

rFire    . . .     SeeInvis .   f - +3 short sword (speed)
rCold    . . .     Gourm    .   a - +0 robe
rNeg     + . .     Faith    .   (no shield)
rPois    .         Spirit   .   (helmet restricted)
rElec    +         Reflect  .   (no cloak)
rCorr    +         Harm     .   (no gloves)
MR       .....                  o - +0 pair of boots
Stlth    +++.......             (no amulet)
Regen    0.2/turn               (no ring)
                                n - ring of positive energy

@: no status effects
A: antennae 2, nightstalker 1, electricity resistance
a: Request Jelly, Renounce Religion


You were on level 6 of the Dungeon.
You worshipped Jiyva.
Jiyva was most pleased with you.
You were hungry.

You visited 1 branch of the dungeon, and saw 6 of its levels.

You collected 152 gold pieces.

Inventory:

Hand Weapons
 d - a +0 dagger
 f - a +3 short sword of speed (weapon)
Armour
 a - a +0 robe (worn)
 o - a +0 pair of boots (worn)
Jewellery
 n - a ring of positive energy (left hand)
Scrolls
 e - a scroll of amnesia
 g - 4 scrolls of identify
 k - a scroll of magic mapping
Books
 b - a book of Flames

   Spells                             Type                      Level
   a - Flame Tongue                   Conjuration/Fire             1
   b - Throw Flame                    Conjuration/Fire             2
   c - Conjure Flame                  Conjuration/Fire             3
   d - Inner Flame                    Hexes/Fire                   3
   e - Sticky Flame                   Conjuration/Fire             4
   f - Fireball                       Conjuration/Fire             5
 j - a book of Misfortune

   Spells                             Type                      Level
   a - Confusing Touch                Hexes                        1
   b - Confuse                        Hexes                        3
   c - Gell's Gravitas                Hexes/Translocation          3
   d - Petrify                        Transmutation/Earth          4
   e - Metabolic Englaciation         Hexes/Ice                    5
   f - Yara's Violent Unravelling     Hexes/Transmutation          5
Comestibles
 c - 2 bread rations


   Skills:
 + Level 1.7 Fighting
 + Level 2.5 Short Blades
 + Level 2.6 Dodging
 + Level 3.3 Stealth
 + Level 3.2 Spellcasting
 + Level 1.9 Conjurations
 + Level 3.5 Fire Magic


You had 5 spell levels left.
You knew the following spells:

 Your Spells              Type           Power        Failure   Level  Hunger
a - Flame Tongue          Conj/Fire      ##...        6%          1    None
b - Throw Flame           Conj/Fire      ##....       10%         2    ##.....
c - Conjure Flame         Conj/Fire      ##......     17%         3    ###....


Dungeon Overview and Level Annotations

Branches:
Dungeon (6/15)             Temple (0/1) D:4

Altars:
Ashenzari
Hepliaklqana
Ru
Sif Muna
Vehumet
Yredelemnul
Jiyva

Annotations:
D:5 beholder's ghost, amateur OpEE
D:6 Eustachio


Innate Abilities, Weirdness & Mutations

You have a pair of antennae on your head.
You are slightly more attuned to the shadows.
You are resistant to electric shocks. (rElec)


Message History

The quasit barely misses you.
The jelly hits the rat.
The rat is splashed with acid.
The rat dies!
The rat's corpse disappears in a puff of smoke!
The quasit closely misses you.
The quasit claws you but does no damage.
The quasit closely misses you.
The jelly hits Eustachio but does no damage.
The quasit bites you but does no damage.
The quasit claws you but does no damage.
The quasit claws you.
Eustachio barely misses the jelly.
The quasit misses you. The quasit closely misses you.
The quasit barely misses you.
The jelly barely misses Eustachio.
The quasit bites you.
* * * LOW HITPOINT WARNING * * *
You feel clumsy. The quasit barely misses you. The quasit misses you.
Eustachio hits the jelly but does no damage.
Eustachio is burned by acid!
The jelly misses Eustachio.
Are you sure you want to abandon this character and quit the game? (Confirm with "yes".)

#...@...#
.#.#....#
#.#......#
#.###....#
#r# ###|##
#@# #.#
#J# #.#
#.#####.#
#@55....#
#########


You could see Eustachio, a quasit, a white imp, a rat and a neutral jelly
(fellow slime).

Vanquished Creatures
  An ogre (D:4)
  A scorpion (D:4)
  2 iguanas
  2 worker ants (D:4)
  A hound skeleton (D:5)
  3 gnolls
  9 adders
  An ooze (D:2)
  3 worms
  2 dart slugs
  6 leopard geckos
  15 orcs
  12 bats
  4 giant cockroaches
  8 goblins
  8 hobgoblins
  5 jackals (D:3)
  A quokka (D:3)
  5 frilled lizards
  11 kobolds
  A quokka zombie (D:3)
  8 rats
109 creatures vanquished.

Vanquished Creatures (others)
  8 jellies
  A gnoll shaman (D:4)
  2 adders
  5 gnolls (D:4)
  2 orcs (D:4)
  A goblin (D:4)
  3 jackals (D:6)
  A quokka (D:4)
  2 frilled lizards (D:4)
  A plant (D:3)
26 creatures vanquished.

Grand Total: 135 creatures vanquished

Notes
Turn   | Place    | Note
-------+----------+-------------------------------------------
     0 | D:1      | nubinia the Demonspawn Fire Elementalist began the quest for the Orb.
     0 | D:1      | Reached XP level 1. HP: 13/13 MP: 3/3
   461 | D:1      | Gained mutation: You are slightly more attuned to the shadows. [demonic ancestry]
   461 | D:1      | Reached XP level 2. HP: 19/19 MP: 1/5
   465 | D:1      | Learned a level 2 spell: Throw Flame
  1017 | D:2      | Gained mutation: You have a pair of small antennae on your head. [demonic ancestry]
  1017 | D:2      | Reached XP level 3. HP: 24/24 MP: 6/6
  1411 | D:2      | Reached skill level 1 in Fighting
  1567 | D:2      | Reached XP level 4. HP: 32/32 MP: 4/7
  1573 | D:2      | Found a sacrificial altar of Ru.
  1726 | D:2      | Reached skill level 1 in Short Blades
  2127 | D:2      | Learned a level 3 spell: Conjure Flame
  2573 | D:3      | Reached XP level 5. HP: 37/37 MP: 4/8
  2783 | D:3      | Found a hazy altar of Hepliaklqana.
  3570 | D:3      | Found a faded altar of an unknown god.
  3588 | D:3      | Became a worshipper of Jiyva Jiyxikif the Shapeless
  3588 | D:3      | Reached * piety under Jiyva
  3837 | D:4      | Reached ** piety under Jiyva
  3846 | D:4      | Gained mutation: You have a pair of antennae on your head. [demonic ancestry]
  3846 | D:4      | Reached XP level 6. HP: 39/43 MP: 5/10
  3880 | D:4      | Found a radiant altar of Vehumet.
  4141 | D:4      | Reached *** piety under Jiyva
  4141 | D:4      | Gained mutation: You are resistant to electric shocks. (rElec) [Jiyva's grace]
  4218 | D:4      | Found a staircase to the Ecumenical Temple.
  4443 | D:4      | Found a deep blue altar of Sif Muna.
  4528 | D:5      | Entered Level 5 of the Dungeon
  4628 | D:5      | Noticed beholder's ghost (amateur OpEE)
  4676 | D:5      | Found a basalt altar of Yredelemnul.
  4678 | D:5      | Found a shattered altar of Ashenzari.
  4689 | D:6      | Noticed a steam dragon
  4690 | D:6      | Noticed Eustachio
  4723 | D:6      | Quit the game

Vault maps used:
D:1:      minmay_arrival_four_circles
D:2:      nicolae_ru_sacrificial_ziggurat
D:3:      old_standard_altar, chequers_ecumenical_altar_lobes,
          kennysheep_generic_room_14
D:4:      led_sif_pool, temple_doors_cd, first_bread, vehumet_altar_wand_db
D:5:      gammafunk_temple_overflow_forgotten, kennysheep_cross_bottleneck,
          minmay_statues_item, minmay_misc_feat_nine_boxes, st_stairs_12
D:6:      zin_treasury, lemuel_crystal_altar, basic_altar, uniq_eustachio,
          uniq_menkaure

Skill      XL: |  1  2  3  4  5  6 |
---------------+-------------------+-----
Dodging        | 2 |  2.6
Fire Magic     | 3 |  3.5
Stealth        | 2 3 |  3.3
Fighting       | 1 |  1.7
Short Blades   | 1 2 |  2.5
Spellcasting   | 3 |  3.2
Conjurations   | |  1.9

Action                   |  1- 3 |  4- 6 || total
-------------------------+-------+-------++-------
Melee: Dagger            |    14 |       ||    14
       Short sword       |    33 |   197 ||   230
 Cast: Flame Tongue      |    42 |    88 ||   130
       Throw Flame       |       |     2 ||     2
Invok: Request Jelly     |       |     4 ||     4
  Use: Scroll            |       |     5 ||     5
       Potion            |       |     1 ||     1
 Stab: Sleeping          |     8 |    11 ||    19
  Eat: Chunk             |     1 |     9 ||    10
       Fruit             |       |     1 ||     1
Armor: Robe              |     6 |    24 ||    30
Dodge: Dodged            |    36 |   125 ||   161
